 Dungeon Crawl Stone Soup version 0.31-a0-627-gd65175cf8b (webtiles) character file.

Game seed: 8029699570694752388

74 Ijustatesigmund the Trooper (level 4, -3/28 HPs)
             Began as a Gargoyle Artificer on Aug 25, 2023.
             Slain by a hobgoblin (5 damage)
             ... led by Robin
             ... on level 2 of the Dungeon.
             The game lasted 00:04:41 (2669 turns).

Ijustatesigmund the Trooper (Gargoyle Artificer)    Turns: 2669, Time: 00:04:41

Health: -3/28      AC:  7    Str: 16    XL:     4   Next: 28%
Magic:  4/4        EV: 11    Int: 13    God:
Gold:   154        SH:  0    Dex: 10    Spells: 3/3 levels left

rFire   . . .        a - +0 whip
rCold   . . .        (no shield)
rNeg    + . .        b - +0 leather armour
rPois   ∞            (no helmet)
rElec   +            o - +0 cloak
rCorr   .            (no gloves)
SInv    .            (no boots)
Will    .....        (no amulet)
Stlth   +            (no ring)
HPRegen 0.24/turn    (no ring)
MPRegen 0.09/turn

%: no passive effects
@: no status effects
A: sickness immunity, AC +3, negative energy resistance 1, electricity
resistance, torment resistance 1, petrification resistance
a: no special abilities


You were on level 2 of the Dungeon.
You visited 1 branch of the dungeon, and saw 3 of its levels.

You collected 154 gold pieces.

Inventory:

Hand Weapons
 a - a +0 whip (weapon)
Missiles
 g - a throwing net
Armour
 b - a +0 leather armour (worn)
 o - a +0 cloak (worn)
Jewellery
 h - a ring of ice
 k - a ring of fire
Wands
 c - a wand of flame (13) (quivered)
 d - a wand of charming (13)
 e - a wand of iceblast (3)
 n - a wand of polymorph (5)
Scrolls
 f - 2 scrolls of teleportation {unknown}
 m - a scroll of amnesia {unknown}
Potions
 i - 2 potions of enlightenment {unknown}
 j - a potion of degeneration {unknown}
 l - 2 potions of curing {unknown}
 p - a potion of berserk rage {unknown}


   Skills:
 + Level 3.1 Fighting
 + Level 2.5 Maces & Flails
 - Level 2.1 Armour
 - Level 0.7 Dodging
 - Level 1.1 Stealth
 - Level 2.6 Evocations


You had 3 spell levels left.
You didn't know any spells.
Your spell library contained the following spells:

 Spells                   Type           Power      Damage    Failure   Level
 Blink                    Tloc           0%         N/A       50%         2
 Lesser Beckoning         Tloc           0%         N/A       50%         2
 Momentum Strike          Conj/Tloc      0%         3d8       50%         2


Dungeon Overview and Level Annotations

Branches:
Dungeon (3/15)

Altars:
The Shining One

Annotations:
D:2 Natasha
D:3 Grinder, Robin


Innate Abilities, Weirdness & Mutations

You are immune to sickness and miasma.
Your stone body is resilient. (AC +3)
You are immune to poison.
You resist negative energy. (rN+)
You are resistant to electric shocks. (rElec)
You are resistant to unholy torment.
You are immune to petrification.


Message History

Your cerulean imp disappears in a puff of smoke!
There is a stone staircase leading down here.
Unknown command.
You hit the hobgoblin.
The hobgoblin is heavily wounded.
The hobgoblin barely misses you. The goblin hits you with a +0 club.
The goblin hits you but does no damage. The hobgoblin closely misses you.
The hobgoblin hits you but does no damage.
The hobgoblin closely misses you.
Natasha barely misses the hobgoblin.
You hit the hobgoblin but do no damage.
The hobgoblin is heavily wounded.
The hobgoblin closely misses you. The goblin misses you.
The goblin closely misses you.
The hobgoblin hits you but does no damage. x2
The hobgoblin barely misses you.
Natasha closely misses the hobgoblin.
You hit the hobgoblin.
The hobgoblin is almost dead.
The hobgoblin hits you but does no damage.
The goblin hits you with a +0 club. The goblin closely misses you.
The hobgoblin hits you but does no damage. x2
The hobgoblin misses you.
Natasha claws the hobgoblin.
You barely miss the hobgoblin.
The hobgoblin is almost dead.
The hobgoblin barely misses you. The goblin misses you.
The goblin hits you but does no damage. The hobgoblin barely misses you.
The hobgoblin hits you.
* * * LOW HITPOINT WARNING * * *
The hobgoblin closely misses Natasha.
Natasha claws the hobgoblin!
The hobgoblin dies!
You hit the hobgoblin but do no damage.
The hobgoblin is almost dead.
The hobgoblin misses you. The goblin barely misses you.
The hobgoblin misses you. The hobgoblin barely misses you.
The goblin hits you but does no damage.
You hit the hobgoblin.
You kill the hobgoblin!
The hobgoblin hits you.
* * * LOW HITPOINT WARNING * * *
The hobgoblin hits you.
You die...

....................#.##.....♣P..
.............#........##.....P♣♣.
.............#...............♣♣.P
.........#.#...####..###....#....
###......#...#..##..#####........
....#...##..................####.
....#...##...............#.## #.
....#...##.....ggh.......#.#####.
....#...##.[.###@#.).....#.##....
........##.##...gg...............
........##.##....................
.......###.##...................#
.........#.##...................#
.......#.#.##.........####.......
.......#.#.##........^###########
.......#.#.#####.#...........#<..
#.######.#.#.......#########.####


You could see 2 hobgoblins, 2 goblins and the friendly Natasha (charmed,
unaware).

Vanquished Creatures
  Jessica (D:2)
  An adder (D:2)
  2 dart slugs
  A bat (D:1)
  6 endoplasms
  2 goblins (D:3)
  4 hobgoblins
  2 quokkas (D:1)
  4 ball pythons (D:1)
  A frilled lizard (D:1)
  3 kobolds
  7 rats
34 creatures vanquished.

Vanquished Creatures (collateral kills)
  A hobgoblin (D:2)
  A goblin (D:3)
2 creatures vanquished.

Vanquished Creatures (others)
  A quokka (D:1)
1 creature vanquished.

Grand Total: 37 creatures vanquished

Notes
Turn   | Place    | Note
-------+----------+-------------------------------------------
     0 | D:1      | Ijustatesigmund the Gargoyle Artificer began the quest for
                  | the Orb.
     0 | D:1      | Reached XP level 1. HP: 12/12 MP: 1/1
   253 | D:1      | Reached skill level 1 in Maces & Flails
   253 | D:1      | Reached XP level 2. HP: 17/17 MP: 2/2
   498 | D:1      | Reached skill level 2 in Fighting
  1336 | D:2      | Reached XP level 3. HP: 20/22 MP: 3/3
  1347 | D:2      | Found a glowing golden altar of the Shining One.
  1598 | D:2      | Noticed Jessica
  1605 | D:2      | Killed Jessica
  1606 | D:2      | Reached skill level 3 in Fighting
  1606 | D:2      | Reached XP level 4. HP: 28/28 MP: 4/4
  2616 | D:3      | Noticed Grinder
  2655 | D:3      | Noticed Robin
  2655 | D:3      | Noticed Natasha
  2669 | D:2      | Slain by a hobgoblin

Illustrated notes

Levels and vault maps discovered:
D:1:      dpeg_arrival_water_temple_mockup, layout_basic, serial_glass,
          glass_columns_a, glass_columns_a, chequers_serial_rivers_room_a
D:2:      layout_basic, serial_forest, infiniplex_forest_straight_3,
          infiniplex_forest_3_way, infiniplex_forest_side_room,
          infiniplex_forest_join, infiniplex_forest_end_3,
          infiniplex_forest_clump_small, infiniplex_forest_end_3,
          infiniplex_forest_clump_tiny, basic_altar, uniq_jessica
D:3:      layout_rooms, kennysheep_generic_room_15, uniq_robin, uniq_natasha,
          uniq_grinder

Skill      XL: |  1  2  3 |
---------------+----------+-----
Maces & Flails | 1 2 |  2.5
Fighting       | 2 3 |  3.1
Armour         | |  2.1
Dodging        | |  0.7
Stealth        | |  1.1
Evocations     | |  2.6

Action                     |  1- 3 |  4- 6 || total
---------------------------+-------+-------++-------
  Melee: Club              |    31 |       ||    31
         Whip              |   125 |   238 ||   363
         Punch             |     1 |     7 ||     8
  Evoke: Wand              |     4 |     2 ||     6
 Armour: Leather armour    |    56 |    19 ||    75
  Dodge: Dodged            |    82 |    52 ||   134

Table legend: (Time is in decaauts)
 A = Elapsed time spent in this place.
 B = Non-inter-level travel time spent in this place.
 C = Inter-level travel time spent in this place.
 D = Time resting spent in this place.
 E = Time spent auto-exploring this place.
 F = Levels seen in this place.
 G = Mean time per level.
                   A        B        C        D        E       F      G
               +--------+--------+--------+--------+--------+-----+--------+
         Total |   2678 |   2603 |     75 |    369 |   1626 |   3 |  892.7 |
       Dungeon |   2678 |   2603 |     75 |    369 |   1626 |   3 |  892.7 |
               +--------+--------+--------+--------+--------+-----+--------+

Top non-repeatable levels by time:
     D:2: 1358 daAuts
     D:1: 1310 daAuts
     D:3: 9 daAuts
